Map: [ESL] Royal Blood

Players

Bunny

  • Race: Terran Terran
  • Spawn Location: 1:00

Scarlett - Winner!

  • Race: Zerg Zerg
  • Spawn Location: 7:00

Event: ESL SC2 Masters 2023 Summer (Finals)

VOD

Have the link to the VOD?

Description

Time

  • Played on: June 16, 2023, 6:05 a.m.
  • Length: 16:36

All games in this series

Show
View Real Time Build Order
Export as new Build Order

Bunny Terran 

Build Orders: Reaper Expand 

Get SALT Encoding   

  12  0:00  SCV  
  13  0:12  SCV  
  14  0:21  Supply Depot  
  14  0:24  SCV  
  16  0:42  SCV  
  16  0:44  Barracks  
  16  0:46  Refinery  
  16  0:54  SCV  
  17  1:07  SCV  
  18  1:19  SCV  
  19  1:31  Orbital Command, Reaper  
  20  1:39  Command Center  
  20  1:52  Supply Depot  
  20  1:57  SCV  
  21  2:02  Marine  
  22  2:09  SCV  
  23  2:18  Command Center  
  23  2:21  SCV  
  23  2:22  Barracks Reactor  
  24  2:33  SCV  
  25  2:39  Barracks  
  25  2:44  Barracks  
  25  2:46  SCV  
  26  2:51  Orbital Command  
  26  2:57  Marine  
  26  2:58  SCV, Marine  
  29  3:10  SCV  
  30  3:15  Marine  
  30  3:16  Marine  
  30  3:18  SCV  
  33  3:22  SCV  
  34  3:29  Barracks Tech Lab  
  34  3:30  Orbital Command, SCV  
  34  3:33  Marine, Barracks Tech Lab  
  36  3:34  SCV, Marine  
  38  3:42  SCV  
  38  3:46  SCV  
  38  3:47  Marine  
  38  3:48  Stimpack  
  41  3:51  Marine  
  41  3:52  Marine  
  41  3:53  Combat Shield  
  41  3:54  Marine, SCV  
  45  3:58  SCV  
  45  3:59  Supply Depot  
  45  4:01  SCV  
  47  4:05  Marine  
  47  4:06  SCV  
  47  4:09  Marine, Refinery  
  50  4:10  Marine, SCV  
  50  4:11  Marine  
  50  4:14  Factory  
  53  4:17  SCV  
  53  4:18  SCV  
  53  4:22  SCV  
  53  4:23  Marine  
  53  4:24  Supply Depot  
  57  4:27  Marine x2  
  57  4:29  Marine  
  57  4:30  Supply Depot  
  60  4:34  Orbital Command  
  60  4:35  SCV x2, Refinery  
  62  4:40  Engineering Bay  
  62  4:41  Marine, Engineering Bay  
  62  4:44  Marine  
  62  4:45  Marine  
  64  4:47  Marine, SCV x2  
  64  4:49  Refinery, Supply Depot  
  68  4:59  Starport, SCV  
  70  5:00  SCV, Factory Reactor  
  70  5:01  SCV  
  70  5:03  Marine x3  
  70  5:05  Marine  
  75  5:07  Terran Infantry Weapons Level 1  
  75  5:13  SCV x3  
  78  5:21  Marine x3  
  78  5:23  Marine  
  81  5:33  SCV x3  
  84  5:39  Marine  
  84  5:40  Barracks, Terran Infantry Armor Level 1  
  84  5:41  Marine x2  
  86  5:44  Barracks  
  86  5:46  Medivac x2  
  86  5:48  SCV x3  
  93  5:57  Marine  
  91  5:58  Marine, Barracks Reactor  
  91  5:59  Marine  
  93  6:05  Supply Depot  
  93  6:06  SCV x3, Siege Tank, Supply Depot  
  99  6:16  Medivac  
  101  6:20  Supply Depot  
  101  6:23  Supply Depot  
  101  6:27  Marine x2, Medivac, SCV x3  
  101  6:29  Supply Depot  
  101  6:31  Barracks Reactor x2  
  101  6:32  Marine  
  109  6:38  Siege Tank  
  112  6:45  Marine x3  
  112  6:46  Marine, Medivac  
  118  6:49  SCV x3  
  118  6:50  Marine  
  118  6:52  Refinery  
  118  7:03  Marine x4  
  118  7:07  SCV x3  
  118  7:08  Marine x5  
  108  7:21  Marine x4  
  99  7:26  Marine x5  
  95  7:34  Siege Tank  
  95  7:35  Medivac x2  
  102  7:39  Marine x4  
  102  7:43  Marine  
  107  7:44  SCV x3  
  107  7:51  Marine  
  108  7:55  Marine  
  108  7:56  Marine x3  
  108  7:57  Marine x3  
  104  8:01  Marine  
  104  8:03  SCV x2  
  104  8:04  SCV  
  108  8:06  Siege Tank  
  108  8:08  Marine  
  112  8:13  Medivac  
  112  8:15  Medivac  
  112  8:18  Marine  
  112  8:19  Marine x5  
  122  8:21  Marine x2  
  123  8:35  Marine  
  123  8:36  Marine  
  123  8:37  Marine x5  
  123  8:38  Siege Tank  
  123  8:39  Marine  
  134  8:42  Supply Depot  
  126  8:50  Supply Depot  
  126  8:52  Medivac x2  
  130  8:56  Marine x3  
  130  8:58  Marine x5  
  137  9:04  SCV x3  
  140  9:10  Siege Tank  
  140  9:14  Armory  
  140  9:15  Marine x4  
  144  9:17  Marine  
  144  9:18  Marine x4  
  144  9:20  Supply Depot  
  144  9:22  Liberator  
  152  9:33  Marine x4  
  152  9:35  Marine  
  157  9:41  Liberator, Marine x2  
  157  9:42  Siege Tank  
  157  9:43  Supply Depot  
  157  9:44  Supply Depot  
  165  9:45  Supply Depot  
  165  9:55  Command Center  
  165  10:01  Refinery  
  165  10:04  Terran Infantry Weapons Level 2, Terran Infantry Armor Level 2  
  165  10:05  SCV x3  
  168  10:10  Terran Vehicle Weapons Level 1  
  168  10:15  Marine x4, Siege Tank  
  168  10:16  Marine x4  
  179  10:26  Supply Depot  
  179  10:46  Factory  
  179  10:47  Siege Tank  
  182  10:57  Marine  
  182  10:58  Marine x7  
  182  11:03  Barracks  
  190  11:04  Barracks  
  190  11:05  SCV  
  190  11:06  Barracks, SCV x2  
  193  11:13  Sensor Tower  
  193  11:17  Marine x7  
  180  11:40  Marine  
  180  11:41  Marine x4  
  180  11:42  Marine x2  
  180  11:44  Marine x2, Planetary Fortress  
  157  11:58  Marine x4  
  157  11:59  Marine, Siege Tank  
  157  12:00  Marine x2, SCV  
  157  12:01  SCV x2, Marine x2  
  158  12:10  Medivac x2  
  158  12:13  SCV x3  
  165  12:16  Marine x4  
  165  12:17  Marine, Factory Tech Lab  
  165  12:18  Marine x2  
  172  12:38  Marine x3, Siege Tank, Supply Depot, SCV x2  
  172  12:39  Supply Depot  
  180  12:47  Marine x4, SCV x2  
  180  12:48  Siege Tank  
  124  12:56  Marine x5  
  113  13:00  SCV  
  113  13:05  Marine x4  
  114  13:09  SCV x3  
  114  13:12  SCV  
  119  13:13  Medivac x2  
  119  13:14  Marine  
  119  13:15  Siege Tank  
  127  13:23  Marine, Siege Tank  
  127  13:24  Marine x4  
  127  13:26  Marine  
  127  13:27  Marine  
  137  13:34  Marine x2  
  139  13:41  Marine  
  139  13:42  Marine x3  
  139  13:47  Marine  
  139  13:48  Marine x2  
  146  13:52  Marine x2  
  133  13:57  Siege Tank  
  133  13:59  Marine x4  
  143  14:03  Siege Tank  
  143  14:05  Marine x3  
  143  14:07  Medivac  
  143  14:08  Medivac  
  150  14:10  Marine  
  150  14:11  Marine  
  152  14:17  Marine x4  
  152  14:23  Marine x3  
  159  14:27  Marine  
  159  14:28  Marine  
  161  14:35  Marine x4  
  161  14:38  Medivac x2  
  167  14:41  Marine x3  
  167  14:45  Marine, Siege Tank x2  
  178  14:46  Marine  
  177  14:53  Marine x4  
  177  14:59  Marine x3  
  184  15:03  Marine  
  184  15:04  Marine  
  186  15:10  Marine  
  186  15:11  Marine x3  
  189  15:16  Marine  
  189  15:17  Marine x2, Siege Tank  
  189  15:21  Marine  
  195  15:22  Marine  
  196  15:31  Marine, Siege Tank  
  196  15:33  Marine  
  196  15:34  Marine  
  196  15:35  Marine  
  199  15:39  Marine  
  199  15:40  Marine x4  
  199  15:42  Medivac x2  
  189  15:49  Marine  
  187  15:50  Marine  
  187  15:52  Marine  
  187  15:53  Marine  
  187  15:56  Siege Tank  
  187  15:57  Marine x2  
  181  15:58  Marine x3  
  181  16:03  Siege Tank  
Show
View Real Time Build Order
Export as new Build Order

Scarlett Zerg - Winner!

Build Orders: Hatch First 

Get SALT Encoding   

  12  0:00  Drone  
  13  0:12  Overlord  
  13  0:17  Drone  
  14  0:30  Drone x2  
  16  0:46  Hatchery  
  15  0:50  Drone  
  15  0:54  Drone  
  17  0:57  Drone  
  18  1:07  Extractor  
  17  1:12  Spawning Pool  
  17  1:15  Drone  
  17  1:19  Drone  
  18  1:27  Drone  
  19  1:38  Drone  
  20  1:49  Drone  
  21  1:59  Queen x2  
  21  2:00  Zergling x4  
  27  2:10  Drone, Overlord  
  28  2:19  Hatchery  
  28  2:21  Drone  
  28  2:32  Drone  
  28  2:33  Drone x2  
  30  2:39  Queen  
  32  2:45  Overlord  
  32  2:48  Drone  
  32  2:49  Metabolic Boost  
  33  2:53  Drone  
  33  2:57  Drone  
  35  3:08  Drone x5  
  35  3:11  Queen  
  42  3:17  Overlord  
  42  3:18  Drone  
  43  3:31  Queen  
  43  3:32  Drone  
  47  3:34  Drone x2  
  47  3:40  Zergling x2  
  49  3:41  Overlord  
  49  3:42  Drone x4  
  49  3:48  Drone  
  54  3:50  Queen  
  54  3:53  Overlord  
  54  3:54  Drone  
  57  4:01  Drone x4  
  61  4:09  Overlord  
  61  4:10  Drone, Queen  
  61  4:14  Drone x4  
  68  4:18  Evolution Chamber  
  68  4:19  Overlord  
  68  4:20  Evolution Chamber  
  66  4:25  Drone x3  
  66  4:26  Queen  
  66  4:31  Overlord  
  71  4:35  Drone  
  71  4:38  Drone  
  73  4:46  Zerg Melee Weapons Level 1  
  73  4:47  Hatchery, Zerg Ground Armor Level 1  
  73  4:52  Queen  
  74  4:53  Overlord x2  
  74  4:55  Zergling x2  
  74  4:56  Zergling x4  
  77  5:02  Zergling x10  
  77  5:05  Zergling x2  
  77  5:06  Zergling x4  
  85  5:11  Queen  
  85  5:13  Zergling x6  
  90  5:16  Zergling x8  
  94  5:23  Zergling x2  
  92  5:29  Zergling x4  
  92  5:33  Drone  
  94  5:37  Zergling x2  
  94  5:38  Zergling x2  
  94  5:40  Drone  
  94  5:41  Drone x2  
  94  5:44  Extractor x2, Drone x4, Baneling Nest  
  94  5:46  Extractor, Zergling x6  
  94  5:48  Lair  
  97  5:50  Zergling x2  
  97  5:55  Zergling x2  
  98  5:57  Queen x2  
  98  5:58  Overlord  
  98  5:59  Drone x2  
  98  6:02  Extractor  
  103  6:06  Drone  
  103  6:07  Drone  
  103  6:09  Drone  
  106  6:13  Zergling x12  
  112  6:21  Drone x2  
  112  6:22  Drone  
  112  6:25  Zergling x6  
  118  6:28  Zergling x2  
  118  6:29  Zergling x2  
  118  6:40  Zergling x18  
  118  6:43  Zergling x6  
  118  6:45  Overlord x2  
  118  6:47  Zerg Ground Armor Level 2, Zerg Melee Weapons Level 2  
  128  6:49  Hatchery  
  125  7:03  Zergling x16  
  125  7:04  Centrifugal Hooks  
  118  7:12  Zergling x24  
  118  7:13  Queen  
  96  7:30  Zergling x12  
  96  7:34  Queen x2, Zergling x4  
  96  7:35  Queen  
  96  7:36  Zergling x10  
  113  7:42  Zergling x10  
  110  7:59  Drone x2  
  110  8:00  Drone x3  
  110  8:05  Zergling x20, Spore Crawler  
  125  8:06  Baneling x13  
  125  8:09  Drone  
  125  8:10  Hydralisk Den  
  121  8:31  Drone x6  
  121  8:32  Drone x2  
  117  8:43  Spore Crawler  
  117  8:44  Drone x8  
  117  8:45  Zergling x18  
  132  8:54  Muscular Augments  
  132  9:06  Zerg Missile Weapons Level 1  
  132  9:09  Hatchery  
  131  9:19  Hydralisk x6  
  143  9:25  Hatchery  
  143  9:29  Drone x2  
  140  9:38  Drone x3  
  143  9:39  Overlord x5  
  143  9:42  Baneling x6  
  143  9:51  Overlord  
  143  9:54  Infestation Pit  
  140  10:01  Spore Crawler  
  140  10:04  Drone  
  140  10:05  Drone, Spore Crawler, Grooved Spines  
  140  10:07  Extractor, Drone x3  
  140  10:09  Hydralisk x4  
  150  10:16  Drone  
  150  10:20  Hydralisk x2  
  156  10:21  Zergling x10  
  156  10:24  Overseer  
  160  10:32  Baneling x16  
  160  10:34  Zergling x2  
  161  10:36  Overlord  
  160  10:49  Drone x3  
  163  10:58  Drone x17  
  163  11:00  Hydralisk  
  163  11:01  Hydralisk  
  181  11:18  Drone x4  
  183  11:19  Drone  
  183  11:20  Zergling x26  
  183  11:24  Spore Crawler  
  197  11:29  Spore Crawler  
  194  11:39  Zergling x26  
  192  11:43  Zergling x2  
  192  11:44  Zergling x10  
  173  11:50  Zergling x6  
  164  11:58  Zergling x22, Baneling x8  
  164  12:00  Zergling x2  
  164  12:07  Baneling x13, Zergling x6  
  160  12:10  Zergling x2  
  160  12:11  Baneling x8  
  160  12:13  Zergling x2  
  160  12:15  Zergling x6  
  162  12:25  Hatchery  
  161  12:33  Zergling x20  
  171  12:42  Drone, Hive  
  172  12:49  Zergling x2  
  172  12:50  Zergling x22  
  162  12:57  Zergling x12  
  162  12:58  Baneling x4  
  156  13:10  Baneling x15  
  156  13:11  Zerg Missile Weapons Level 2  
  156  13:26  Hatchery  
  156  13:27  Baneling x16  
  155  13:33  Zergling x20  
  163  13:38  Zergling x4  
  165  13:42  Zergling x12  
  165  13:44  Zergling x2  
  165  13:45  Zergling x4  
  168  13:52  Zergling x16  
  168  13:55  Zergling x8  
  177  14:04  Adrenal Glands  
  177  14:08  Viper x2  
  183  14:10  Zergling x4  
  183  14:15  Zergling x12  
  189  14:31  Hatchery  
  188  14:52  Zergling x6  
  188  14:54  Hatchery  
  187  15:08  Zergling x2  
  187  15:09  Zergling x24  
  187  15:10  Overseer  
  187  15:12  Hatchery  
  199  15:19  Extractor, Zergling x2  
  199  15:25  Baneling x18  
  191  15:39  Zergling x52  
  200  15:44  Baneling  
  200  15:48  Zergling x6  
  196  15:54  Baneling, Zergling x12  
  199  15:58  Baneling  
  199  15:59  Baneling x6  
  199  16:09  Zergling x2  
  199  16:16  Zergling x2  
Tags
 
Add a new tag
Caveats
  • Supply blocks, unpowered buildings, or Contaminate may cause inaccurate times.
  • Supply counts are checked every 10 seconds.